Match 43669153
Unlisted

Match 43669153
End
Selects Armored Battlegroup
Selects Armored Battlegroup
Selects Assault Engineers
Assault Engineer Squad
Construct Weapon Support Center
M1919 Machine Gun Team
Bazooka Squad
Assault Engineer Squad
Mechanized Support Center
M3 Armored Personnel Carrier
Bazooka Squad
Designate Forward Repair Station
Improved M9 Bazooka Rockets
Assault Engineer Squad
Assault Engineer Squad
Construct Tank Depot
Selects Strength in Steel
M3 Armored Personnel Carrier
Selects Seek and Destroy
Selects UNKNOWN (2160077)
M4A3E8 Sherman Easy Eight
M4A3E8 Sherman Easy Eight
Selects M31 Recovery Vehicle
M4A3E8 Sherman Easy Eight
Improvised Armor
Rangefinder
Ismachu
[KMLT]Sorceleur
Badkapp
Gatom
sympTom
0
0

Comments sign in to comment!

No comments posted yet!